 Dungeon Crawl Stone Soup version 0.31-a0-986-g5e6e4ef867 (webtiles) character file.

Game seed: 15885935648101966296

55 sammy202020 the Ruffian (level 3, -6/27 HPs)
             Began as a Demonspawn Shapeshifter on Nov 20, 2023.
             Mangled by Terence
             ... wielding a +0 flail
              (8 damage)
             ... on level 3 of the Dungeon.
             The game lasted 00:02:59 (2341 turns).

sammy202020 the Ruffian (Demonspawn Shapeshifter)   Turns: 2341, Time: 00:02:59

Health: -6/27      AC:  9    Str: 16    XL:     3   Next: 67%
Magic:  0/3        EV:  7    Int: 11    God:
Gold:   66         SH:  0    Dex: 12    Spells: 2/2 levels left

rFire   . .          .
                       - Unarmed
rCold   + . .        (no shield)
rNeg    . . .        e - +1 chain mail {rC+}
rPois   .            (helmet currently unavailable)
rElec   .            (cloak currently unavailable)
rCorr   +            (gloves currently unavailable)
SInv    +            (boots currently unavailable)
Will    .....        (no amulet) Stlth
                     a - ring of see invisible
HPRegen 0.24/turn    j - ring of resist corrosion
MPRegen 0.16/turn

%: guardian spirit
@: beast-form
A: beast (slay +1), magic shield, magic regeneration
a: Begin Untransformation


You were on level 3 of the Dungeon.
You were a hulking beast.
You visited 1 branch of the dungeon, and saw 3 of its levels.

You collected 66 gold pieces.

Inventory:

Armour
 e - a +1 chain mail of cold resistance (worn)
 h - the +0 ring mail of the Countless Lies {Fly rC+ rN++ Dex-3}
   (You found it on level 2 of the Dungeon)

   Dex-3:     It affects your dexterity (-3).
   rC+:       It protects you from cold.
   rN++:      It greatly protects you from negative energy.
   Fly:       It grants you flight.
Jewellery
 a - a ring of see invisible (left hand)
 j - a ring of resist corrosion (right hand)
Talismans
 c - a beast talisman
 d - a flux talisman
Wands
 o - a wand of flame (26)
Scrolls
 k - a scroll of amnesia
 l - a scroll of vulnerability
Potions
 b - a potion of lignification
 f - 3 potions of attraction
 i - a potion of enlightenment
 m - a potion of might
 p - a potion of cancellation {unknown}


   Skills:
 * Level 2.0 Fighting
 + Level 0.7 Armour
 + Level 2.0 Dodging
 * Level 3.1 Unarmed Combat
 + Level 0.0 Spellcasting
 * Level 3.1 Shapeshifting


You had 2 spell levels left.
You didn't know any spells.
Your spell library was empty.

Dungeon Overview and Level Annotations

Branches:
Dungeon (3/15)

Altars:

Annotations:
D:3 Terence


Innate Abilities, Weirdness & Mutations

You are a hulking beast.
Your limbs bulge with bestial killing power. (Slay +1)
When hurt, damage is shared between your health and your magic reserves.
You regenerate magic rapidly.


Message History

The hobgoblin attacks as it pursues you!
The hobgoblin hits you but does no damage.
There is a stone staircase leading down here.
You closely miss the hobgoblin. You closely miss the hobgoblin.
The hobgoblin hits you but does no damage.
You hit the hobgoblin.
The hobgoblin is heavily wounded.
The hobgoblin barely misses you.
You closely miss the hobgoblin.
The hobgoblin is heavily wounded.
The hobgoblin hits you but does no damage.
You hit the hobgoblin.
You kill the hobgoblin!
You hit Terence. Your punch misses Terence.
Terence is heavily wounded.
Terence barely misses you.
You hit Terence.
Terence is severely wounded.
Terence hits you with a +0 flail.
You barely miss Terence.
Terence is severely wounded.
You closely miss Terence.
Terence is severely wounded.
Terence hits you with a +0 flail.
You closely miss Terence.
Terence is severely wounded.
Terence hits you with a +0 flail.
* * * LOW HITPOINT WARNING * * *
You hit Terence but do no damage.
Terence is severely wounded.
Terence hits you but does no damage.
You hit Terence.
Terence is severely wounded.
Terence hits you with a +0 flail!
* * * LOW HITPOINT WARNING * * *
You hit Terence.
Terence is almost dead.
Terence hits you with a +0 flail!
You die...

#
#########.#.###
#......<.......
#h.............
#@#######.#####
#.#######.#
#..........
#...........
#......... ..
#......... ...
#.######## #..


You could see Terence.

Vanquished Creatures
  A worm (D:2)
  A dart slug (D:1)
  3 orcs (D:2)
  2 ball pythons (D:1)
  3 endoplasms (D:1)
  2 giant cockroaches
  A goblin (D:1)
  4 hobgoblins
  4 quokkas
  4 bats
  6 frilled lizards
  10 kobolds
  4 rats
45 creatures vanquished.

Notes
Turn   | Place    | Note
-------+----------+-------------------------------------------
     0 | D:1      | sammy202020 the Demonspawn Shapeshifter began the quest for
                  | the Orb.
     0 | D:1      | Reached XP level 1. HP: 15/15 MP: 1/1
   175 | D:1      | Gained mutation: You regenerate magic rapidly. [demonic
                  | ancestry]
   175 | D:1      | Reached XP level 2. HP: 20/21 MP: 2/2
   751 | D:1      | Found a faded altar of an unknown god.
  1160 | D:2      | Gained mutation: When hurt, damage is shared between your
                  | health and your magic reserves. [demonic ancestry]
  1160 | D:2      | Reached XP level 3. HP: 26/26 MP: 3/3
  1201 | D:2      | Identified the +0 ring mail of the Countless Lies {Fly rC+
                  | rN++ Dex-3}
  2314 | D:3      | Noticed Terence
  2340 | D:3      | HP: 1/27 [Terence/+0 flail (7)]
  2341 | D:3      | Mangled by Terence

Illustrated notes

Levels and vault maps discovered:
D:1:      onia_arrival_mini_maze, layout_basic, shapermc_ecumenical_altar_ellora
D:2:      layout_basic, chequers_serial_rivers_large_b
D:3:      layout_basic, serial_forest, infiniplex_forest_straight_4,
          infiniplex_forest_clump_diagonal, infiniplex_forest_corner_1,
          infiniplex_forest_lined_corner, infiniplex_forest_lined_2,
          infiniplex_forest_lined_1, uniq_natasha, uniq_terence

Skill      XL: |  1  2  3 |
---------------+----------+-----
Unarmed Combat | 3 |  3.1
Dodging        | 2 |  2.0
Shapeshifting  | 3 |  3.1
Fighting       | 2 |  2.0
Armour         | |  0.7

Action                     || total
---------------------------++-------
  Melee: Unarmed           ||   175
         Punch             ||     2
    Use: Scroll            ||     8
 Armour: Chain mail        ||   131
         Animal skin       ||     2
  Dodge: Dodged            ||    55

Table legend: (Time is in decaauts)
 A = Elapsed time spent in this place.
 B = Non-inter-level travel time spent in this place.
 C = Inter-level travel time spent in this place.
 D = Time resting spent in this place.
 E = Time spent auto-exploring this place.
 F = Levels seen in this place.
 G = Mean time per level.
                   A        B        C        D        E       F      G
               +--------+--------+--------+--------+--------+-----+--------+
         Total |   2356 |   2274 |     82 |      0 |   1870 |   3 |  785.3 |
       Dungeon |   2356 |   2274 |     82 |      0 |   1870 |   3 |  785.3 |
               +--------+--------+--------+--------+--------+-----+--------+

Top non-repeatable levels by time:
     D:2: 1212 daAuts
     D:1: 1090 daAuts
     D:3: 54 daAuts
